Map: Overgrowth LE (Void)

Players

MCMC (MC)

  • Race: Protoss Protoss
  • Spawn Location: 7:00

MMA - Winner!

  • Race: Terran Terran
  • Spawn Location: 1:00

Event: Gamers8 2023

VOD

Have the link to the VOD?

Description

Time

  • Played on: Aug. 5, 2023, 6:15 a.m.
  • Length: 12:25

All games in this series

Show
View Real Time Build Order
Export as new Build Order

MCMC Protoss 

Build Orders: 1 Gate Expand, Phoenix Opening 

Get SALT Encoding   

  12  0:00  Probe  
  13  0:12  Probe  
  14  0:19  Pylon  
  14  0:24  Probe  
  15  0:37  Gateway, Probe (Chrono Boost)  
  16  0:47  Assimilator, Probe (Chrono Boost)  
  17  0:52  Probe (Chrono Boost)  
  18  1:03  Probe  
  19  1:15  Probe  
  20  1:25  Cybernetics Core  
  20  1:32  Nexus  
  20  1:37  Pylon  
  20  1:40  Probe (Chrono Boost)  
  20  1:46  Assimilator  
  21  1:52  Probe (Chrono Boost)  
  22  2:00  Adept (Chrono Boost)  
  23  2:01  Probe (Chrono Boost)  
  23  2:02  Warp Gate  
  23  2:07  Probe  
  26  2:19  Probe  
  26  2:21  Stalker (Chrono Boost)  
  29  2:31  Probe  
  30  2:41  Stargate  
  31  2:45  Probe (Chrono Boost)  
  31  2:48  Probe (Chrono Boost)  
  32  2:51  Stalker  
  32  2:55  Probe (Chrono Boost)  
  32  2:57  Probe (Chrono Boost)  
  36  3:00  Probe (Chrono Boost)  
  37  3:07  Pylon, Probe  
  37  3:11  Probe  
  39  3:19  Probe  
  40  3:21  Stalker  
  40  3:24  Phoenix (Chrono Boost), Probe  
  45  3:31  Gateway, Probe  
  46  3:36  Probe  
  46  3:37  Gateway  
  46  3:40  Phoenix  
  46  3:46  Probe  
  46  3:48  Probe  
  50  3:53  Pylon  
  50  3:57  Assimilator  
  50  3:59  Probe  
  50  4:00  Assimilator, Probe  
  52  4:05  Phoenix (Chrono Boost)  
  52  4:09  Pylon  
  54  4:14  Robotics Facility  
  52  4:18  Probe x2  
  54  4:29  Phoenix (Chrono Boost)  
  54  4:30  Probe x2  
  58  4:39  Stalker x2  
  58  4:42  Probe, Stalker  
  58  4:43  Probe  
  58  4:45  Pylon  
  66  4:51  Phoenix  
  68  4:55  Probe x2  
  68  4:58  Pylon  
  70  5:08  Observer  
  70  5:13  Robotics Bay  
  71  5:15  Pylon  
  71  5:17  Probe x2  
  71  5:20  Sentry  
  75  5:23  Nexus  
  75  5:30  Immortal (Chrono Boost)  
  78  5:37  Probe x2  
  78  5:39  Shield Battery  
  80  5:49  Stalker x2  
  84  5:50  Stalker  
  84  5:55  Pylon  
  84  5:56  Shield Battery  
  86  5:59  Probe x2  
  86  6:01  Colossus (Chrono Boost)  
  88  6:04  Pylon  
  88  6:10  Extended Thermal Lance (Chrono Boost)  
  94  6:20  Forge  
  94  6:25  Twilight Council  
  94  6:30  Pylon  
  94  6:31  Probe  
  94  6:32  Probe  
  96  6:37  Zealot x3  
  102  6:42  Colossus (Chrono Boost)  
  101  6:49  Protoss Ground Weapons Level 1  
  101  6:53  Probe x2  
  109  7:01  Gateway, Shield Battery  
  109  7:07  Zealot x3  
  115  7:21  Gateway  
  113  7:23  Gateway  
  113  7:28  Probe x2  
  113  7:29  Colossus (Chrono Boost), Probe  
  116  7:31  Charge (Chrono Boost)  
  116  7:34  Gateway  
  116  7:36  Zealot x2  
  126  7:39  Zealot  
  128  7:45  Pylon  
  128  7:47  Pylon x2  
  127  8:09  Zealot x4  
  105  8:18  Disruptor (Chrono Boost), Gateway  
  92  8:20  Zealot x2  
  92  8:21  Probe  
  92  8:22  Probe  
  89  8:32  Stalker x4  
  96  8:39  Colossus (Chrono Boost)  
  102  8:42  Gateway  
  102  8:44  Stalker x2  
  80  9:01  Zealot x4  
  84  9:07  Protoss Ground Weapons Level 2 (Chrono Boost)  
  84  9:12  Nexus  
  84  9:18  Blink (Chrono Boost)  
  84  9:28  Stalker x2  
  88  9:39  Disruptor (Chrono Boost)  
  88  9:41  Templar Archives  
  91  9:48  Stalker  
  91  9:49  Zealot  
  91  10:04  Stalker x2  
  95  10:08  Disruptor (Chrono Boost)  
  95  10:13  Stalker x2  
  102  10:19  Stalker  
  100  10:29  Stalker x3  
  104  10:35  Assimilator  
  104  10:36  Assimilator  
  104  10:41  Disruptor (Chrono Boost)  
  104  10:46  Zealot x3  
  104  10:49  Zealot  
  115  10:54  Zealot x2  
  119  11:00  Zealot x3  
  123  11:07  Zealot, High Templar x2  
  127  11:16  Probe x3  
  126  11:23  Zealot x4  
  126  11:24  Zealot  
  136  11:31  High Templar x2  
  138  11:37  Disruptor (Chrono Boost)  
  134  11:43  Forge  
  134  11:46  Pylon  
  137  11:48  Photon Cannon  
  135  12:00  Zealot x5  
  107  12:04  Archon  
  83  12:09  Zealot x5  
  83  12:10  Zealot  
Show
View Real Time Build Order
Export as new Build Order

MMA Terran - Winner!

Build Orders:  

Get SALT Encoding   

  12  0:00  SCV  
  13  0:12  SCV  
  14  0:18  Supply Depot  
  14  0:24  SCV  
  15  0:39  SCV  
  15  0:41  Barracks  
  16  0:44  Refinery  
  16  0:51  SCV  
  16  0:53  Refinery  
  17  1:03  SCV  
  18  1:15  SCV  
  19  1:28  Reaper, Orbital Command  
  20  1:36  Supply Depot  
  20  1:41  Factory  
  20  1:53  SCV  
  21  2:00  Barracks Reactor  
  21  2:06  SCV  
  22  2:17  Command Center  
  22  2:18  SCV  
  23  2:29  Hellion  
  25  2:33  SCV  
  26  2:38  Reaper x2  
  26  2:43  Supply Depot  
  28  2:45  SCV  
  28  2:51  Hellion  
  31  3:02  Starport  
  31  3:05  SCV  
  32  3:09  Marine x2  
  34  3:13  Factory Tech Lab  
  34  3:17  SCV  
  35  3:27  Marine x2  
  35  3:29  Orbital Command  
  37  3:34  Cyclone  
  37  3:36  SCV  
  41  3:43  Viking  
  41  3:48  SCV  
  44  3:50  Marine x2  
  44  3:52  Barracks  
  44  3:55  SCV  
  47  4:04  SCV, Supply Depot  
  47  4:07  SCV  
  49  4:14  Marine x2  
  51  4:17  SCV  
  51  4:19  SCV, Supply Depot  
  51  4:21  Factory Tech Lab  
  53  4:26  Raven  
  53  4:28  Supply Depot  
  53  4:30  SCV  
  56  4:31  SCV  
  57  4:40  Marine x2  
  57  4:44  Siege Tank, Barracks Tech Lab  
  62  4:46  Bunker, SCV x2  
  63  4:54  Refinery  
  63  4:56  Engineering Bay  
  63  4:58  SCV x2  
  65  5:04  Marine, Stimpack  
  66  5:09  Starport Reactor  
  66  5:11  SCV x2  
  66  5:12  Barracks  
  66  5:14  Marine x2  
  68  5:21  Supply Depot  
  68  5:22  Siege Tank  
  71  5:28  Missile Turret  
  71  5:29  SCV  
  71  5:30  SCV  
  71  5:35  Missile Turret  
  73  5:36  Marine x2  
  73  5:37  Marine  
  76  5:43  SCV x2  
  76  5:47  Terran Infantry Weapons Level 1  
  74  5:54  Supply Depot  
  74  5:57  Siege Tank  
  74  6:00  Marauder  
  74  6:01  Marauder  
  81  6:05  Marine x2, Refinery  
  81  6:08  Supply Depot  
  83  6:14  Combat Shield  
  83  6:22  Marauder x2  
  83  6:23  Marine x2  
  89  6:27  SCV x2, Supply Depot  
  89  6:30  Supply Depot  
  89  6:32  Medivac  
  93  6:33  Medivac  
  93  6:38  Supply Depot  
  95  6:41  Marine x2  
  95  6:43  Marauder x2  
  95  6:45  Factory Reactor  
  101  6:55  SCV x2  
  101  7:00  Marine x2, Command Center  
  105  7:05  Marauder x2  
  109  7:09  Supply Depot  
  109  7:14  Barracks  
  109  7:15  Barracks  
  108  7:18  Viking  
  108  7:22  Viking  
  114  7:23  Concussive Shells  
  114  7:26  Marauder  
  114  7:29  Supply Depot  
  114  7:31  Marauder  
  114  7:33  Marine x2  
  118  7:40  Widow Mine x2  
  118  7:42  Terran Infantry Armor Level 1  
  121  7:50  SCV x2  
  123  8:01  Marauder x2, Marine  
  123  8:02  Viking x2  
  123  8:03  Barracks Reactor, Barracks Tech Lab  
  127  8:06  SCV x2  
  109  8:15  Marine  
  109  8:18  SCV  
  99  8:20  Widow Mine  
  99  8:23  Marauder x2  
  102  8:31  Marine  
  102  8:32  Marauder  
  102  8:33  Orbital Command  
  104  8:40  SCV x2  
  106  8:42  Marine  
  106  8:44  Marauder x2  
  111  8:52  SCV x2  
  111  8:53  Marauder  
  111  8:55  Marine x2  
  98  8:56  Widow Mine  
  98  9:02  Medivac  
  105  9:03  Widow Mine  
  105  9:05  Medivac, Marauder x2, Marine x2  
  105  9:08  SCV x2  
  115  9:15  Armory  
  115  9:17  Engineering Bay  
  115  9:21  Marauder  
  117  9:24  Marine x4  
  117  9:27  Marauder  
  117  9:29  Widow Mine  
  117  9:30  Widow Mine  
  127  9:39  Marauder, Supply Depot  
  127  9:42  Ghost Academy, Supply Depot  
  127  9:43  Marauder  
  131  9:51  Marauder, Marine x4  
  137  9:54  Viking x2  
  137  9:58  Supply Depot  
  141  10:00  Marauder  
  141  10:04  Marauder, Refinery x2  
  141  10:06  Supply Depot  
  144  10:23  Marauder x2  
  144  10:25  Marine x4  
  146  10:31  Viking x2  
  146  10:35  Barracks x2  
  150  10:37  Barracks  
  150  10:42  Command Center  
  150  10:53  Marauder x3, Marine x4  
  160  11:10  Marine  
  160  11:11  Marine x2  
  161  11:14  Marauder x3  
  166  11:20  Marine  
  167  11:28  Marine x2  
  167  11:30  Viking x2  
  173  11:36  Marauder x3  
  179  11:40  Marine x2  
  179  11:43  Barracks Tech Lab x2  
  179  11:45  Barracks Reactor  
  181  11:57  Marauder x2  
  181  12:00  Marine x2  
  181  12:01  Marauder, Marine x2  
  172  12:03  Widow Mine x2  
Tags
 
Add a new tag
Caveats
  • Supply blocks, unpowered buildings, or Contaminate may cause inaccurate times.
  • Supply counts are checked every 10 seconds.